 Dungeon Crawl Stone Soup version 0.30-a0-378-g86d51d8b50 (webtiles) character file.

Game seed: 2211811398363617448

33444 Essalna the Zephyrmancer (level 13, -14/84 HPs)
             Began as a Tengu Air Elementalist on Nov 30, 2022.
             Was an Elder of Vehumet.
             Demolished by Gelon's ghost (17 damage)
             ... on level 3 of the Lair of Beasts on Dec 1, 2022.
             The game lasted 00:49:35 (18569 turns).

Essalna the Zephyrmancer (Tengu Air Elementalist)  Turns: 18569, Time: 00:49:35

Health: -14/84     AC: 12    Str: 10    XL:     13   Next: 71%
Magic:  6/30       EV: 19    Int: 19    God:    Vehumet [****..]
Gold:   847        SH:  5    Dex: 15    Spells: 4/22 levels left

rFire   . . .      SeeInvis .    q - +2 quarterstaff (spect)
rCold   + . .      Faith    .    (shield currently unavailable)
rNeg    . . .      Spirit   .    K - +0 steam dragon scales
rPois   .          Reflect  +    J - +2 hat {Will+}
rElec   .          Harm     .    X - +1 cloak {Stlth+}
rCorr   .          Rampage  .    e - +1 pair of gloves
Will    +....                    (boots unavailable)
Stlth   +++.......               n - amulet of Imyz {Reflect rC+ SH+5}
HPRegen 0.34/turn                x - ring of wizardry
MPRegen 0.22/turn                H - ring of magical power

@: about to teleport, flying quickly and evasively, quick
A: beak, talons 3, nimble flight
a: Renounce Religion


You were on level 3 of the Lair of Beasts.
You worshipped Vehumet.
Vehumet was greatly pleased with you.
You visited 4 branches of the dungeon, and saw 16 of its levels.

You collected 847 gold pieces.

Inventory:

Hand Weapons
 q - a +2 spectral quarterstaff (weapon)
 L - the +4 rapier of Zanatya {vorpal, rElec rPois}
   (You found it on level 8 of the Dungeon)

   It inflicts extra damage upon your enemies.
   rElec:     It insulates you from electricity.
   rPois:     It protects you from poison.
Armour
 e - a +1 pair of gloves (worn)
 J - a +2 hat of willpower (worn)
 K - +0 steam dragon scales (worn)
 T - a +0 troll leather armour
 W - a +0 robe of the Archmagi
 X - a +1 cloak of stealth (worn)
Magical Staves
 j - a staff of air
 Y - a staff of fire
Jewellery
 c - an amulet of guardian spirit
 h - a ring of poison resistance
 n - the amulet of Imyz (around neck) {Reflect rC+ SH+5}
   (You acquired it on level 7 of the Dungeon)

   [amulet of reflection]

   It reflects blocked missile attacks.
   rC:        It protects you from cold.
   SH:        It affects your SH (+5).
 o - a +4 ring of evasion
 x - a ring of wizardry (left hand)
 z - a ring of willpower
 H - a ring of magical power (right hand)
 I - a +4 ring of protection
 M - a ring of resist corrosion
Wands
 A - a wand of acid (8)
 F - a wand of flame (31)
 N - a wand of polymorph (2)
 O - a wand of digging (3)
 S - a wand of paralysis (2)
Scrolls
 a - a scroll of poison {unknown}
 f - 7 scrolls of vulnerability
 g - a scroll of identify
 k - a scroll of torment
 s - a scroll of brand weapon
 u - 7 scrolls of teleportation
 v - 2 scrolls of fear
 w - 2 scrolls of amnesia
 B - a scroll of magic mapping
 E - 3 scrolls of immolation
 P - a scroll of silence
 R - 2 scrolls of enchant weapon
Potions
 b - 2 potions of magic
 d - 7 potions of mutation
 m - 4 potions of curing
 p - 3 potions of attraction
 r - 5 potions of berserk rage
 C - 3 potions of brilliance
 G - 2 potions of might
 Q - a potion of degeneration
 U - 2 potions of resistance
 V - 2 potions of flight
 Z - 2 potions of haste {unknown}


   Skills:
 + Level 11.2 Fighting
 - Level 5.0 Armour
 - Level 9.0 Dodging
 - Level 2.0 Stealth
 - Level 5.0 Spellcasting
 - Level 11.1 Conjurations
 + Level 7.5 Transmutations
 - Level 12.0 Air Magic
 + Level 9.1 Poison Magic


You had 4 spell levels left.
You knew the following spells:

 Your Spells              Type           Power      Damage    Failure   Level
a - Shock                 Conj/Air       100%       1d9       1%          1
b - Static Discharge      Conj/Air       96%        2-6/arc   1%          2
c - Airstrike             Air            25%        2d(4-20)  1%          4
d - Eringya's Noxious Bo  Tmut/Pois      18%        N/A       7%          6
e - Arcjolt               Conj/Air       24%        1d34      1%          5

Your spell library contained the following spells:

 Spells                   Type           Power      Damage    Failure   Level
 Cigotuvi's Dreadful Rot  Necr/Pois/Air  62%        N/A       1%          2
 Passwall                 Tmut/Erth      15%        N/A       1%          2
 Poisonous Vapours        Pois/Air       88%        N/A       1%          2
 Ignite Poison            Fire/Tmut/Pois 25%        N/A       1%          3
 Mephitic Cloud           Conj/Pois/Air  45%        N/A       1%          3
 Swiftness                Air            50%        N/A       1%          3
 Scorch                   Fire           8%         2d5       2%          2
 Apportation              Tloc           8%         N/A       4%          1
 Necrotise                Necr           16%        1d4       4%          1
 Summon Small Mammal      Summ           16%        N/A       4%          1
 Ensorcelled Hibernation  Hex/Ice        8%         N/A       8%          2
 Sublimation of Blood     Necr           4%         N/A       8%          2
 Petrify                  Tmut/Erth      19%        N/A       11%         4
 Gell's Gravitas          Tloc           4%         N/A       16%         3
 Lesser Beckoning         Tloc           8%         N/A       16%         3
 Teleport Other           Tloc           4%         N/A       16%         3
 Tukima's Dance           Hex            4%         N/A       16%         3
 Anguish                  Hex/Necr       2%         N/A       43%         4
 Leda's Liquefaction      Hex/Erth       2%         N/A       43%         4
 Passage of Golubria      Tloc           4%         N/A       43%         4
 Freezing Cloud           Conj/Ice/Air   17%        6-21      1%          5
 Irradiate                Conj/Tmut      20%        3d18      1%          5
 Yara's Violent Unravell  Hex/Tmut       9%         3d6       9%          5
 Lee's Rapid Deconstruct  Erth           2%         3d4*      32%         5
 Statue Form              Tmut/Erth      12%        N/A       82%         6
 Dispersal                Tloc           2%         N/A       99%         6
 Simulacrum               Ice/Necr       2%         N/A       99%         6
 Enfeeble                 Hex            2%         N/A       100%        7
 Polar Vortex             Ice            2%         N/A       100%        9


Dungeon Overview and Level Annotations

Branches:
Dungeon (11/15)            Temple (1/1) D:6            Lair (3/5) D:9
 Shoals (0/4) Lair:2        Snake (0/4) Lair:3          Orc (1/2) D:10

Altars:
Ashenzari
Cheibriados
Dithmenos
Elyvilon
Fedhas
Gozag
Hepliaklqana
Kikubaaqudgha
Makhleb
Nemelex Xobeh
Okawaru
Qazlal
Ru
Sif Muna
Trog
Uskayaw
Vehumet
Wu Jian
Xom
Yredelemnul
Zin
The Shining One

Shops:
D:5 *   D:6 *   D:9 (

Annotations:
Lair:3 Gelon's ghost, journeyman TeAE; Smoky173's ghost, journeyman TeAE


Innate Abilities, Weirdness & Mutations

You have a beak for a mouth.
You have claws for feet.
Your magical nature lets you fly swiftly and evasively.


Message History

Gelon's ghost is heavily damaged.
Smoky173's ghost gestures wildly while chanting.
You are struck by an arc of lightning!
Smoky173's ghost is struck by an arc of lightning!
Smoky173's ghost resists.
You are struck by an arc of lightning.
Smoky173's ghost is struck by an arc of lightning.
Smoky173's ghost completely resists.
Gelon's ghost is struck by an arc of lightning.
Gelon's ghost resists.
The lightning grounds out.
Gelon's ghost is struck by an arc of lightning!
Gelon's ghost resists.
You are struck by an arc of lightning!
* * * LOW HITPOINT WARNING * * *
Smoky173's ghost is struck by an arc of lightning!
Smoky173's ghost resists.
You are struck by an arc of lightning.
* * * LOW HITPOINT WARNING * * *
The lightning grounds out.
Gelon's ghost hits you but does no damage.
You are electrocuted!
* * * LOW HITPOINT WARNING * * *
Casting: Arcjolt (mildly dangerous; 1% risk of failure)
Confirm with . or Enter, or press ? or * to list all spells.
Electricity surges outward!
Smoky173's ghost resists.
Smoky173's ghost is moderately damaged.
Gelon's ghost resists.
Gelon's ghost is heavily damaged.
Smoky173's ghost hits you but does no damage.
You block Gelon's ghost's attack.
You feel much better.
Gelon's ghost waves its arms in wide circles.
The air twists around and strikes you!!
* * * LOW HITPOINT WARNING * * *
Smoky173's ghost completely misses you.
As you read the scroll of teleportation, it crumbles to dust.
You feel strangely unstable.
Smoky173's ghost waves its arms in wide circles.
The air twists around and strikes you!
* * * LOW HITPOINT WARNING * * *
Gelon's ghost hits you but does no damage.
You are electrocuted!
You die...

#P.......>###### #.>..## ##.
#.........# ###...#### #.#
##........# ###....###..
#......÷..# ### #####.##<...##
#P......÷.####.#♣⌠♣"#####..#...
##.........##..#....8# #.###...
#..##......#..#...... ### #.##
######...#.#..W.....♣ ####
#..##...@W.....⌠ ####
##.#####..'.....♣ #.#. ##...#
#...#.....: ##..
##.#.+####..#....8# ##...
#......# ####♣⌠♣.## #..).
##.....## #### ####...
#......########### ##.##...
##....<.#...##.##P###.......
#......+..............(.#...


You could see Gelon's ghost and Smoky173's ghost.

Vanquished Creatures
  Rupert (Lair:3)
  3 hydras (Lair:2)
  2 boulder beetles (Lair:3)
  A centaur warrior (D:9)
  2 death yaks (Lair:2)
  A merfolk siren (Lair:2)
  4 black mambas (Lair:2)
  9 cane toads
  A torpor snail (Lair:2)
  4 rime drakes
  4 komodo dragons (Lair:2)
  A merfolk (Lair:2)
  3 trolls
  2 polar bears
  9 blink frogs
  2 wraiths
  45 yaks
  Eustachio (D:5)
  8 wyverns
  7 basilisks
  3 steam dragons
  A vampire mosquito (D:9)
  3 wargs (D:9)
  4 nagas (Lair:3)
  A hell hound (Lair:3)
  8 water moccasins
  8 orc warriors
  3 sky beasts (D:7)
  3 black bears
  15 wolves
  3 ogres
  2 centaurs (D:9)
  A kobold brigand (D:8)
  4 necrophages
  13 bullfrogs
  5 scorpions
  Blork the orc (D:5)
  14 wights
  6 killer bees (D:6)
  An electric eel (Lair:2)
  3 howler monkeys
  2 hounds (D:5)
  7 orc priests
  5 jellies
  2 iguanas
  6 orc wizards
  10 hell rats
  11 gnolls
  8 adders
  2 shadow imps
  2 white imps
  2 ufetubi (D:5)
  2 worms
  3 dart slugs
  34 orcs
  A ball python (D:3)
  8 bats
  4 endoplasms
  5 giant cockroaches
  5 goblins
  7 hobgoblins
  10 jackals
  18 kobolds
  A quokka (D:1)
  6 frilled lizards
  3 rats
  2 butterflies (D:3)
378 creatures vanquished.

Vanquished Creatures (others)
  A yak (D:9)
  17 fungi
  23 plants
41 creatures vanquished.

Grand Total: 419 creatures vanquished

Notes
Turn   | Place    | Note
-------+----------+-------------------------------------------
     0 | D:1      | Essalna the Tengu Air Elementalist began the quest for the
                  | Orb.
     0 | D:1      | Reached XP level 1. HP: 10/10 MP: 4/4
   106 | D:1      | Reached XP level 2. HP: 16/16 MP: 3/6
   307 | D:1      | Reached skill level 1 in Fighting
   609 | D:1      | Found a faded altar of an unknown god.
   620 | D:1      | Reached XP level 3. HP: 15/20 MP: 1/7
  1395 | D:2      | Reached XP level 4. HP: 16/26 MP: 0/8
  1468 | D:2      | Reached skill level 5 in Air Magic
  2084 | D:2      | Gained mutation: Your magical nature lets you fly swiftly
                  | and evasively. [Tengu growth]
  2084 | D:2      | Reached XP level 5. HP: 31/31 MP: 4/9
  2534 | D:3      | Found a shimmering altar of Xom.
  2731 | D:3      | Identified the +1 leather armour of Benevolence {MP-9
                  | Int+6}
  3431 | D:4      | Reached skill level 6 in Air Magic
  3431 | D:4      | Reached XP level 6. HP: 37/37 MP: 4/10
  3515 | D:4      | Reached skill level 5 in Conjurations
  3604 | D:4      | Reached XP level 7. HP: 42/42 MP: 6/11
  3918 | D:4      | Reached skill level 7 in Air Magic
  4174 | D:5      | Entered Level 5 of the Dungeon
  4203 | D:5      | Learned a level 2 spell: Static Discharge
  4332 | D:5      | Noticed Eustachio
  4341 | D:5      | Killed Eustachio
  4452 | D:5      | Reached skill level 1 in Armour
  4459 | D:5      | Reached XP level 8. HP: 46/48 MP: 8/12
  4465 | D:5      | Noticed Blork the orc
  4475 | D:5      | Killed Blork the orc
  4972 | D:5      | Found a sparkling altar of Nemelex Xobeh.
  4972 | D:5      | Found a burning altar of Makhleb.
  5033 | D:5      | Found Daideonk's General Store.
  5112 | D:5      | Found a large runed translucent door.
  5113 | D:5      | Found a large runed translucent door.
  5183 | D:5      | Found an ornate altar of the Wu Jian Council.
  5201 | D:5      | Found an ancient bone altar of Kikubaaqudgha.
  5258 | D:6      | Found a stormy altar of Qazlal.
  5283 | D:6      | Reached skill level 5 in Fighting
  5283 | D:6      | Reached skill level 8 in Air Magic
  5421 | D:6      | Reached XP level 9. HP: 42/54 MP: 10/15
  5461 | D:6      | Found a hide-covered altar of Uskayaw.
  5463 | D:6      | Found a basalt altar of Yredelemnul.
  5649 | D:6      | Upgraded the game from 0.30-a0-377-g5cb311bc9f to
                  | 0.30-a0-378-g86d51d8b50
  6018 | D:6      | Found a staircase to the Ecumenical Temple.
  6036 | D:6      | Found Duhix's General Store.
  6045 | Temple   | Entered the Ecumenical Temple
  6519 | D:7      | Identified 3 scrolls of acquirement
  6519 | D:7      | Acquired a +2 hat of willpower
  6535 | D:7      | Noticed a troll
  6550 | D:7      | Killed a troll
  6621 | D:7      | Reached skill level 9 in Air Magic
  6652 | D:7      | Reached skill level 5 in Dodging
  6659 | D:7      | Reached XP level 10. HP: 54/60 MP: 0/17
  6659 | D:7      | Acquired a staff of air
  6661 | D:7      | Acquired the amulet of Imyz {Reflect rC+ SH+5}
  6675 | D:7      | Learned a level 4 spell: Airstrike
  6828 | D:7      | You are sucked into a shaft and drop 3 floors!
  6828 | D:10     | Entered Level 10 of the Dungeon
  6859 | D:10     | Got Sif Muna's Secrets of Poisonous Fire
  6871 | D:9      | Reached skill level 5 in Armour
  6952 | D:9      | Learned a level 6 spell: Eringya's Noxious Bog
  6991 | D:9      | Found Ixacvav's Weapon Shoppe.
  7185 | D:9      | Reached skill level 5 in Spellcasting
  7234 | D:9      | Reached skill level 1 in Poison Magic
  7330 | D:9      | Reached skill level 1 in Transmutations
  7423 | D:9      | Noticed a centaur warrior
  7430 | D:9      | Killed a centaur warrior
  7431 | D:9      | Reached skill level 10 in Air Magic
  7615 | D:9      | Found a staircase to the Lair.
  8540 | D:7      | Found a hazy altar of Hepliaklqana.
  8652 | D:7      | Reached XP level 11. HP: 59/67 MP: 19/19
  8712 | D:7      | Found a snail-covered altar of Cheibriados.
  9222 | D:8      | Reached skill level 10 in Conjurations
  9263 | D:8      | Identified the +4 rapier of Zanatya {vorpal, rElec rPois}
  9666 | D:9      | Identified the +10 falchion "Ultimatum" {drain, rPois Will-
                  | Str+6 SInv}
  9937 | D:9      | Found a radiant altar of Vehumet.
  9948 | D:9      | Became a worshipper of Vehumet
 10388 | D:10     | Found a staircase to the Orcish Mines.
 10680 | D:10     | Reached skill level 11 in Air Magic
 11553 | D:11     | Reached * piety under Vehumet
 11553 | D:11     | Offered knowledge of Magic Dart by Vehumet.
 11738 | Orc:1    | Entered Level 1 of the Orcish Mines
 11904 | Orc:1    | HP: 3/68 [/static electricity (5)]
 12261 | Lair:1   | Entered Level 1 of the Lair of Beasts
 12354 | Lair:1   | HP: 3/68 [yak (12)]
 12588 | Lair:1   | Reached XP level 12. HP: 70/75 MP: 20/20
 12665 | Lair:1   | Reached skill level 5 in Poison Magic
 12703 | Lair:1   | Offered knowledge of Poisonous Vapours by Vehumet.
 12715 | Lair:1   | Reached ** piety under Vehumet
 12922 | Lair:1   | You are sucked into a shaft and drop 1 floor!
 12999 | Lair:2   | Reached skill level 12 in Air Magic
 14138 | Lair:2   | Noticed a seven-headed hydra
 14142 | Lair:2   | Killed a seven-headed hydra
 14287 | Lair:2   | Reached skill level 5 in Transmutations
 14956 | Lair:2   | Noticed a six-headed hydra
 15014 | Lair:2   | Noticed a four-headed hydra
 15019 | Lair:2   | Killed a four-headed hydra
 15027 | Lair:2   | Offered knowledge of Mephitic Cloud by Vehumet.
 15492 | Lair:2   | Found a staircase to the Shoals.
 15800 | Lair:2   | Reached skill level 10 in Fighting
 15800 | Lair:2   | Reached XP level 13. HP: 34/82 MP: 21/21
 16052 | Lair:2   | Reached *** piety under Vehumet
 16943 | Lair:3   | Noticed Rupert
 17068 | Lair:3   | Offered knowledge of Flame Wave by Vehumet.
 17631 | Lair:3   | Reached **** piety under Vehumet
 17691 | Lair:3   | Found a staircase to the Snake Pit.
 17778 | Lair:3   | Killed Rupert
 17875 | Lair:3   | Offered knowledge of Arcjolt by Vehumet.
 17902 | Lair:3   | Learned a level 5 spell: Arcjolt
 18053 | Lair:3   | Found a runed translucent gate.
 18055 | Lair:3   | Found a runed translucent gate.
 18056 | Lair:3   | Found a runed translucent gate.
 18057 | Lair:3   | Noticed Smoky173's ghost (journeyman TeAE)
 18057 | Lair:3   | Noticed Gelon's ghost (journeyman TeAE)
 18569 | Lair:3   | HP: 3/84 [Smoky173's ghost/the air (14)]
 18569 | Lair:3   | Demolished by Gelon's ghost

Illustrated notes

Levels and vault maps discovered:
D:1:      lightli_arrival_flooded_house, layout_loops_ring,
          ebering_ecumenical_altar_sacrificial, dreamdust_princess_bridge,
          chequers_mini_garden, minmay_crystal_water, nrook_uturn
D:2:      layout_rooms, small_statue_intersection,
          chequers_serial_rivers_micro_c, minmay_misc_feat_encased,
          wad_floor_pattern_1, minmay_domino_4
D:3:      layout_loops_ring, xom_butterflies
D:4:      layout_cave_pools, kennysheep_generic_room_5
D:5:      layout_loops_ring, jmf_multi_god_temple2,
          gammafunk_temple_overflow_wave, serial_shops, kennysheep_mini,
          uniq_eustachio, uniq_blork_the_orc
D:6:      layout_rooms, nicolae_qazlal_scattered_showers,
          chequers_temple_overflow_statue_of_worship,
          minmay_temple_entry_slanted, serial_shops, shop
D:7:      layout_loops_cross, nzn_hepliaklqana_mist_gate, lemuel_doored_altar
D:8:      layout_basic
D:9:      minmay_distorted_concentric_squares, layout_stronghold,
          mainiacjoe_overflow_tiny_flanked, erik_lair_orcish_takeover,
          serial_shops, nicolae_shop_bloodbath_and_beyond
D:10:     layout_long_grid, orc_0_dummy
D:11:     layout_loops_ring, serial_shops, shop,
          hellmonk_guarded_unrand_dark_maul
Temple:   chequers_temple_sunken
Lair:1:   layout_small_grid
Lair:2:   nzn_winding_woodlands_large [nzn_winding_woodlands_5x5_cross,
          nzn_winding_woodlands_5x15_parted,
          nzn_winding_woodlands_5x5_closed_star,
          nzn_winding_woodlands_center_triple_pond,
          nzn_winding_woodlands_15x15_boxy_spiral,
          nzn_winding_woodlands_center_garden, nzn_winding_woodlands_hourglass,
          nzn_winding_woodlands_5x15_zeroes,
          nzn_winding_woodlands_5x5_open_star], layout_hall_layers,
          elwin_shoals_entry_rooms
Lair:3:   layout_roguey, minmay_snake_entry_guardpost_medium, special_room
          [special_room_mythical_zoo], gammafunk_ghost_cemetery, uniq_rupert
Orc:1:    layout_diamond_mine, mines2_david

Skill      XL: |  1  2  3  4  5  6  7  8  9 10 11 12 13 |
---------------+----------------------------------------+-----
Conjurations   | 2 3 4 5 6 7 8 9 11 | 11.1
Fighting       | 1 2 3 4 5 6 7 8 10 11 | 11.2
Air Magic      | 5 6 7 8 9 10 11 12 | 12.0
Armour         | 1 3 4 5 |  5.0
Dodging        | 3 5 6 8 9 |  9.0
Spellcasting   | 3 4 5 |  5.0
Poison Magic   | 2 4 7 9 |  9.1
Transmutations | 2 4 6 7 |  7.5
Stealth        | |  2.0

Action                   |  1- 3 |  4- 6 |  7- 9 | 10-12 | 13-15 || total
-------------------------+-------+-------+-------+-------+-------++-------
Melee: Unarmed           |    16 |       |       |       |       ||    16
       Kick              |     4 |    12 |    14 |    43 |    37 ||   110
       Peck              |     3 |     5 |    11 |    39 |    21 ||    79
       Quarterstaff      |       |    27 |    64 |   132 |    71 ||   294
       Staff             |       |       |       |     6 |       ||     6
 Cast: Shock             |    60 |   101 |   121 |   308 |    56 ||   646
       Static Discharge  |       |       |     5 |   125 |    47 ||   177
       Airstrike         |       |       |       |    38 |    16 ||    54
       Arcjolt           |       |       |       |       |    11 ||    11
       Eringya's Noxious |       |       |       |       |     5 ||     5
  Use: Scroll            |     1 |     1 |     9 |    17 |     1 ||    29
       Potion            |       |       |       |     1 |     1 ||     2
 Stab: Sleeping          |       |     1 |     2 |       |       ||     3
       Distracted        |       |       |       |     2 |     1 ||     3
Armor: Robe              |     3 |     5 |     6 |    18 |       ||    32
       Steam dragon scal |       |       |       |    68 |    32 ||   100
Dodge: Dodged            |     8 |    42 |    61 |   251 |   104 ||   466
Block: Other             |       |       |       |    70 |    33 ||   103
       Reflection        |       |       |       |     2 |       ||     2

Table legend: (Time is in decaauts)
 A = Elapsed time spent in this place.
 B = Non-inter-level travel time spent in this place.
 C = Inter-level travel time spent in this place.
 D = Time resting spent in this place.
 E = Time spent auto-exploring this place.
 F = Levels seen in this place.
 G = Mean time per level.
                   A        B        C        D        E       F      G
               +--------+--------+--------+--------+--------+-----+--------+
         Total |  17853 |  17169 |    684 |   1006 |  13618 |  16 | 1115.8 |
       Dungeon |  11759 |  11295 |    464 |    814 |   8877 |  11 | 1069.0 |
        Temple |    189 |    161 |     28 |      0 |    153 |   1 |  189.0 |
          Lair |   5848 |   5658 |    190 |    192 |   4577 |   3 | 1949.3 |
  Orcish Mines |     56 |     56 |      0 |      0 |      9 |   1 |   56.0 |
               +--------+--------+--------+--------+--------+-----+--------+

Top non-repeatable levels by time:
  Lair:2: 3066 daAuts
     D:9: 1888 daAuts
  Lair:3: 1695 daAuts
     D:1: 1518 daAuts
    D:10: 1436 daAuts
     D:7: 1206 daAuts
  Lair:1: 1086 daAuts
     D:8: 1024 daAuts
     D:5: 1017 daAuts
     D:6: 895 daAuts
     D:3: 895 daAuts
     D:2: 882 daAuts
     D:4: 756 daAuts
    D:11: 236 daAuts
  Temple: 189 daAuts
